 Dungeon Crawl Stone Soup version 0.25-a0-413-g3b4b6a4ccc (webtiles) character file.

Game seed: 1899160395010779968, levelgen mode: deterministic

5 MrRokkomies the Ducker (level 1, -28/11 HPs)
             Began as a Spriggan Abyssal Knight on Jan 17, 2020.
             Was a Follower of Lugonu.
             Killed from afar by a wretched star (29 damage)
             ... with a lance of force
             ... on level 1 of the Abyss.
             The game lasted 00:01:15 (225 turns).

MrRokkomies the Ducker (Spriggan Abyssal Knight)     Turns: 225, Time: 00:01:15

Health: -28/11     AC:  2    Str:  8    XL:     1   Next: 66%
Magic:  3/3        EV: 19    Int: 13    God:    Lugonu [*.....]
Gold:   9          SH:  5    Dex: 15    Spells: 0/0 levels left

rFire    . . .     SeeInvis +   a - +1 short sword
rCold    . . .     Gourm    .   (shield restricted)
rNeg     . . .     Faith    .   b - +0 robe
rPois    .         Spirit   .   (helmet restricted)
rElec    .         Reflect  +   (no cloak)
rCorr    .         Harm     .   (gloves unavailable)
MR       .....                  (boots unavailable)
Stlth    +.........             d - +5 amulet of reflection
HPRegen  0.00/turn              (no ring)
MPRegen  0.08/turn              (no ring)

@: non-regenerating, diseased, very quick
A: very small, unfitting armour, see invisible, herbivore, speed 3, slow
metabolism 2
a: Depart the Abyss, Renounce Religion


You were on level 1 of the Abyss.
You worshipped Lugonu.
Lugonu was aware of your devotion.
You were not hungry.

You visited 0 branches of the dungeon, and saw 0 of its levels.
You visited the Abyss 1 time.

You collected 9 gold pieces.

Inventory:

Hand Weapons
 a - a +1 short sword (weapon)
Armour
 b - a +0 robe (worn)
Jewellery
 d - a +5 amulet of reflection (around neck)
Comestibles
 c - a ration


   Skills:
 + Level 2.6 Fighting
 + Level 2.2 Short Blades
 + Level 3.7 Dodging
 + Level 1.8 Invocations


You couldn't memorise any spells.
You didn't know any spells.
Your spell library was empty.

Dungeon Overview and Level Annotations

Branches:
Dungeon (0/15)

Altars:


Innate Abilities, Weirdness & Mutations

You are very small and have problems with some larger weapons.
You are too small for most types of armour.
You have supernaturally acute eyesight. (SInv)
You are a herbivore.
You cover ground extremely quickly.
You need to consume almost no food.


Message History

The insubstantial wisp thrums sharply.
You are struck by an arc of lightning!
Ouch! That really hurt!
* * * LOW HITPOINT WARNING * * *
A tentacle flies out from the starspawn's body!
A starspawn tentacle comes into view.
The insubstantial wisp blinks!
A starspawn tentacle comes into view.
The green draconian shifter blinks!
The starspawn tentacle completely misses you.
Found 13 arrows.
An ancient zyme comes into view.
You feel yourself growing ill in the presence of the ancient zyme.
You feel ill.
Unknown command.
A toenail golem and a wretched star come into view.
The wretched star glows turbulently.
The lance of force hits you!!
Ouch! That really hurt!
You die...

..8 . . .. #.# .. ...
....#. # .# #. ..#.
..#.#.# #. ... #. #
#..#.###. ##...#. .
##..#.#. #.. ..####....
#..# #.. #.##.##.#..#..
.#.#.#.####......... . #
.......@....#.#...... #.
.#.#...#.##.#..##..#...#
#*##....##..####...## #.
#.##.##### ...## # # ##
..# .... ## ...# ....##
# ### .###. . . #.


You could see a wretched star.

Vanquished Creatures
  An ufetubus (Abyss:1)
1 creature vanquished.

Vanquished Creatures (others)
  10 starspawn tentacles (Abyss:1)
10 creatures vanquished.

Grand Total: 11 creatures vanquished

Notes
Turn   | Place    | Note
-------+----------+-------------------------------------------
     0 | Abyss:1  | MrRokkomies the Spriggan Abyssal Knight began the quest for
                  | the Orb.
     0 | Abyss:1  | Reached XP level 1. HP: 11/11 MP: 3/3
     6 | Abyss:1  | Found a corrupted altar of Lugonu.
    56 | Abyss:1  | Noticed a vampire
    90 | Abyss:1  | Found a corrupted altar of Lugonu.
   134 | Abyss:1  | Noticed a wretched star
   140 | Abyss:1  | Noticed a large abomination
   140 | Abyss:1  | Noticed a green draconian shifter
   148 | Abyss:1  | Noticed a small abomination
   162 | Abyss:1  | Noticed an apocalypse crab
   163 | Abyss:1  | Noticed a tentacled starspawn
   166 | Abyss:1  | Noticed a tentacled starspawn
   183 | Abyss:1  | Noticed an insubstantial wisp
   206 | Abyss:1  | Noticed an ancient zyme
   221 | Abyss:1  | Noticed a toenail golem
   221 | Abyss:1  | Noticed a wretched star
   225 | Abyss:1  | Killed from afar by a wretched star

Levels and vault maps discovered:
Abyss:1:  evilmike_abyss_exit_3

Action                   || total
-------------------------++-------
Melee: Short sword       ||     5
Dodge: Dodged            ||    10

Table legend:
 A = Non-vault XP
 B = Vault XP
 C = Vault XP percentage of total XP
 D = Non-vault monster count
 E = Vault monster count
 F = Vault count percentage of total count
                 A         B        C        D         E       F
            +---------+---------+-------+---------+---------+-------
      Total |       8 |       0 |   0.0 |       1 |       0 |   0.0
            +---------+---------+-------+---------+---------+-------
    Abyss:1 |       8 |       0 |   0.0 |       1 |       0 |   0.0
            +---------+---------+-------+---------+---------+-------
